 Dungeon Crawl Stone Soup version 0.19.4-8-ga85b6b9 (webtiles) character file.

128 empire the Cudgeler (level 4, -2/35 HPs)
             Began as a Mummy Fighter on Feb 10, 2017.
             Killed from afar by an orc wizard (10 damage)
             ... with a puff of flame
             ... on level 4 of the Dungeon.
             The game lasted 00:06:20 (2452 turns).

empire the Cudgeler (Mummy Fighter)                 Turns: 2452, Time: 00:06:21

Health: -2/35      AC:  7    Str: 20    XL:     4   Next: 87%
Magic:  4/4        EV:  7    Int:  7    God:
Gold:   139        SH:  8    Dex: 11    Spells: 0 memorised, 3 levels left

rFire  x . .     SeeInvis .     a - +1 flail
rCold  + . .     Gourm    .     b - +0 scale mail
rNeg   + + +     Faith    .     c - +0 shield
rPois  ∞         Spirit   .     (no helmet)
rElec  .         Reflect  .     d - +0 cloak
rCorr  .         Harm     .     (no gloves)
MR     .....                    (no boots)
Stlth  ..........               (no amulet)
                                (no ring)
                                (no ring)

@: no status effects
A: no food or potions, fire vulnerability, cold resistance 1, negative energy
resistance 3, torment resistance, unbreathing
a: no special abilities


You were on level 4 of the Dungeon.
You were not hungry.

You visited 1 branch of the dungeon, and saw 4 of its levels.

You collected 139 gold pieces.

Inventory:

Hand Weapons
 a - a +1 flail (weapon)
Armour
 b - a +0 scale mail (worn)
 c - a +0 shield (worn)
 d - a +0 cloak (worn)
Wands
 h - a wand of digging (21/24)
Scrolls
 f - 3 scrolls of identify


   Skills:
 - Level 3.0 Fighting
 + Level 4.2 Maces & Flails
 + Level 2.4 Armour
 + Level 2.4 Shields


You had 3 spell levels left.
You didn't know any spells.

Dungeon Overview and Level Annotations

Branches:
Dungeon (4/15)
 Temple: D:4-7

Altars:
Vehumet
Xom

Annotations:
D:2 Sigmund
D:3 Grinder


Innate Abilities, Weirdness & Mutations

You do not eat or drink.
Your flesh is vulnerable to fire.
You are immune to poison.
Your flesh is cold resistant. (rC+)
You are immune to negative energy. (rN+++)
You are immune to unholy pain and torment.
You can survive without breathing.


Message History

The puff of frost misses you.
There is a stone staircase leading down here.
The orc wizard barely misses you. You block the orc's attack.
The orc wizard hits you but does no damage.
You climb downwards.
Found a cyan potion.
There is a stone staircase leading up here.
You closely miss the orc wizard.
The orc wizard hits you but does no damage.
You block the orc's attack. You block the orc wizard's attack.
You closely miss the orc.
The orc wizard hits you but does no damage.
You block the orc's attack. You block the orc wizard's attack.
You closely miss the orc wizard. The orc hits you with a short sword.
* * * LOW HITPOINT WARNING * * *
The orc wizard hits you but does no damage.
The orc hits you but does no damage.
The orc wizard points at you and mumbles some strange words.
The puff of flame hits you! The fire burns you terribly!
You die...

## .. ###.
.....
......#########
#.o@o......
###########


You could see an orc wizard and an orc.

Vanquished Creatures
  Terence (D:3)
  2 adders (D:2)
  An ooze (D:3)
  A worm (D:3)
  2 dart slugs
  A leopard gecko (D:3)
  5 orcs (D:3)
  5 bats
  6 giant cockroaches
  5 goblins
  10 hobgoblins
  4 jackals (D:1)
  9 kobolds
  2 ball pythons
  3 frilled lizards
  10 rats
67 creatures vanquished.

Notes
Turn   | Place    | Note
-------+----------+-------------------------------------------
     0 | D:1      | empire the Mummy Fighter began the quest for the Orb.
     0 | D:1      | Reached XP level 1. HP: 18/18 MP: 1/1
    52 | D:1      | Reached skill level 2 in Maces & Flails
   158 | D:1      | Reached XP level 2. HP: 24/24 MP: 2/2
   707 | D:1      | Reached XP level 3. HP: 28/29 MP: 3/3
   960 | D:2      | Reached skill level 3 in Maces & Flails
   972 | D:2      | Noticed Sigmund
  1027 | D:2      | Found a radiant altar of Vehumet.
  1035 | D:3      | Noticed Terence
  1040 | D:3      | Noticed Grinder
  1186 | D:3      | Killed Terence
  1186 | D:3      | Reached XP level 4. HP: 23/35 MP: 4/4
  1199 | D:3      | Found a shimmering altar of Xom.
  1209 | D:3      | Found a shimmering altar of Xom.
  1272 | D:3      | Found a shimmering altar of Xom.
  1273 | D:3      | Found a shimmering altar of Xom.
  1274 | D:3      | Found a shimmering altar of Xom.
  1392 | D:3      | Paralysed by Grinder for 5 turns
  2180 | D:2      | Reached skill level 4 in Maces & Flails
  2452 | D:4      | Killed from afar by an orc wizard

Skill      XL: |  1  2  3  4 |
---------------+-------------+-----
Maces & Flails | 2 3 4 |  4.2
Fighting       | |  3.0
Armour         | |  2.4
Shields        | |  2.4

Action                   |  1- 3 |  4- 6 || total
-------------------------+-------+-------++-------
Melee: Flail             |   130 |    78 ||   208
  Use: Scroll            |       |     7 ||     7
Armor: Scale mail        |   105 |    56 ||   161
Dodge: Dodged            |    64 |    31 ||    95
Block: Shield            |    78 |    43 ||   121
